 Dungeon Crawl Stone Soup version 0.24-a0-217-g1152973 (console) character file.

Game seed: 14685240578283928898

58 bli the Slasher (level 3, -3/31 HPs)
             Began as a Draconian Monk on Mar 29, 2019.
             Slain by a goblin
             ... wielding a +0 club
              (5 damage)
             ... on level 3 of the Dungeon.
             The game lasted 00:02:46 (771 turns).

bli the Slasher (Draconian Monk)                     Turns: 771, Time: 00:02:46

Health: -3/31      AC:  6    Str: 13    XL:     3   Next: 76%
Magic:  3/3        EV: 13    Int: 10    God:
Gold:   32         SH:  0    Dex: 14    Spells: 2/2 levels left

rFire    . . .     SeeInvis .   a - +0 long sword
rCold    . . .     Gourm    .   (no shield)
rNeg     . . .     Faith    .   (armour unavailable)
rPois    .         Spirit   .   (helmet restricted)
rElec    .         Reflect  .   (no cloak)
rCorr    .         Harm     .   d - +0 pair of gloves
MR       .....                  (no boots)
Stlth    ++........             k - amulet of inaccuracy (curse)
HPRegen  0.10/turn              (no ring)
MPRegen  0.08/turn              (no ring)

@: no status effects
A: unfitting armour, cold-blooded, AC +5
a: no special abilities


You were on level 3 of the Dungeon.
You were not hungry.

You visited 1 branch of the dungeon, and saw 3 of its levels.

You collected 32 gold pieces.

Inventory:

Hand Weapons
 a - a +0 long sword (weapon)
 h - a +0 hunting sling
 j - a +0 falchion
Missiles
 f - 57 stones (quivered)
 i - 16 poisoned needles
Armour
 d - a +0 pair of gloves (worn)
Jewellery
 k - a cursed amulet of inaccuracy (around neck)
Scrolls
 c - 3 scrolls of identify {unknown}
 e - 3 scrolls of remove curse {unknown}
Potions
 l - a potion of brilliance {unknown}
Comestibles
 b - 4 rations
 g - 7 chunks of flesh


   Skills:
 - Level 3.2 Fighting
 * Level 4.2 Long Blades
 * Level 3.4 Dodging
 - Level 1.7 Stealth


You had 2 spell levels left.
You didn't know any spells.
Your spell library was empty.

Dungeon Overview and Level Annotations

Branches:
Dungeon (3/15)

Altars:


Innate Abilities, Weirdness & Mutations

Your plain brown scales are hard. (AC +5)
You cannot fit into any form of body armour.
You are cold-blooded and may be slowed by cold attacks.


Message History

e - 3 scrolls labeled GAOM GIOXELLIN (gained 1)
i - 16 poisoned needles (gained 9)
A goblin comes into view. It is wielding a +0 club.
Found a scroll labeled OXTALI VUSENOI.
A worker ant comes into view.
The goblin hits you but does no damage.
Found a murky inky potion.
You closely miss the goblin.
The worker ant twitches its antennae in your direction.
The goblin hits you but does no damage. The worker ant bites you.
* * * LOW HITPOINT WARNING * * *
You closely miss the goblin. The goblin barely misses you.
You miss the goblin. The goblin hits you with a +0 club.
* * * LOW HITPOINT WARNING * * *
The goblin hits you with a +0 club.
* * * LOW HITPOINT WARNING * * *
You barely miss the goblin.
Your tail-slap misses the goblin.
The goblin barely misses you.
You riposte.
You miss the goblin. You barely miss the goblin.
The goblin hits you with a +0 club.
You die...

###### ######### #....#
........# #....# !.......#
#....# ........#
#....######### ........#####
#....#........
.........ag.###.........##..
........###@.##..........#..
......?.# ##.............#..
........# ####....#.##.....
###.##### #....#........ #.
##########..#. # ##..[ #...
#### .. ## #


You could see a worker ant and a goblin.

Vanquished Creatures
  2 adders (D:2)
  2 dart slugs
  2 leopard geckos (D:2)
  A giant cockroach (D:2)
  4 goblins
  5 hobgoblins
  7 jackals
  A quokka (D:3)
  A ball python (D:2)
  2 bats
  2 kobolds
  4 rats
33 creatures vanquished.

Notes
Turn   | Place    | Note
-------+----------+-------------------------------------------
     0 | D:1      | bli the Draconian Monk began the quest for the Orb.
     0 | D:1      | Reached XP level 1. HP: 19/19 MP: 1/1
   194 | D:1      | Reached XP level 2. HP: 22/26 MP: 2/2
   572 | D:2      | Reached XP level 3. HP: 27/31 MP: 3/3
   638 | D:2      | Reached skill level 4 in Long Blades
   771 | D:3      | Slain by a goblin

Levels and vault maps discovered:
D:1:      zaba_arrival_water, layout_basic, minmay_misc_feat_tower
D:2:      layout_loops_ring, first_ration, grunt_decor_one_mirror,
          minmay_tetromino_t4
D:3:      layout_rooms, trog_book, uniq_jessica, uniq_terence

Skill      XL: |  1  2  3 |
---------------+----------+-----
Dodging        | 3 |  3.4
Long Blades    | 4 |  4.2
Fighting       | |  3.2
Stealth        | |  1.7

Action                   || total
-------------------------++-------
Melee: Falchion          ||    42
       Long sword        ||    37
       Tailslap          ||     6
 Stab: Sleeping          ||     2
Armor: Skin              ||    40
Dodge: Dodged            ||    91
       Rpst.: Falchion   ||    13
       Long sword        ||    20

Table legend:
 A = Non-vault XP
 B = Vault XP
 C = Vault XP percentage of total XP
 D = Non-vault monster count
 E = Vault monster count
 F = Vault count percentage of total count
                 A         B        C        D         E       F
            +---------+---------+-------+---------+---------+-------
      Total |      67 |      17 |  20.2 |      30 |       3 |   9.1
            +---------+---------+-------+---------+---------+-------
        D:1 |      28 |       0 |   0.0 |      15 |       0 |   0.0
        D:2 |      29 |      17 |  37.0 |       9 |       3 |  25.0
        D:3 |      10 |       0 |   0.0 |       6 |       0 |   0.0
            +---------+---------+-------+---------+---------+-------
